 Dungeon Crawl Stone Soup version 0.31.0-32-g396128a36d (webtiles) character file.

Game seed: 36030042425157446

2 NotreDorf the Magician (level 1, 0/13 HPs)
             Began as a Mummy Hedge Wizard on Mar 18, 2024.
             Slain by a rat (3 damage)
             ... on level 1 of the Dungeon.
             The game lasted 00:00:32 (38 turns).

NotreDorf the Magician (Mummy Hedge Wizard)           Turns: 38, Time: 00:00:33

Health: 0/13       AC:  2    Str: 13    XL:     1   Next: 33%
Magic:  3/5        EV: 12    Int: 13    God:
Gold:   5          SH:  0    Dex: 11    Spells: 7/8 levels left

rFire   x . .        a - +0 dagger
rCold   + . .        (no shield)
rNeg    + + +        b - +0 robe
rPois   ∞            c - +0 hat
rElec   .            (no cloak)
rCorr   .            (no gloves)
SInv    .            (no boots)
Will    .....        (no amulet)
Stlth   ++           (no ring)
HPRegen 0.22/turn    (no ring)
MPRegen 0.09/turn

%: faith
@: no status effects
A: cold resistance 1, negative energy resistance 3, torment resistance 2, heat
vulnerability 1, in touch with death 1, no potions, faith
a: no special abilities


You were on level 1 of the Dungeon.
You visited 1 branch of the dungeon, and saw 1 of its levels.

You collected 5 gold pieces.

Inventory:

Hand Weapons
 a - a +0 dagger (weapon)
Armour
 b - a +0 robe (worn)
 c - a +0 hat (worn)


   Skills:
 - Level 1.5 Dodging
 - Level 1.5 Stealth
 + Level 4.1 Spellcasting
 - Level 0.7 Conjurations
 + Level 1.0 Summonings
 - Level 0.7 Translocations


You had 7 spell levels left.
You knew the following spells:

 Your Spells              Type           Power      Damage    Failure   Level
a - Magic Dart            Conj           16%        1d3       16%         1

Your spell library contained the following spells:

 Spells                   Type           Power      Damage    Failure   Level
 Slow                     Hex            8%         N/A       21%         1
 Call Imp                 Summ           10%        N/A       21%         2
 Blink                    Tloc           8%         N/A       22%         2
 Cigotuvi's Dreadful Rot  Necr/Alch/Air  8%         N/A       30%         2
 Mephitic Cloud           Conj/Alch/Air  3%         N/A       50%         3


Dungeon Overview and Level Annotations

Branches:
Dungeon (1/15)

Altars:


Innate Abilities, Weirdness & Mutations

You are immune to poison.
Your flesh is cold resistant. (rC+)
You are immune to negative energy. (rN+++)
You are immune to unholy pain and torment.
You are vulnerable to heat. (rF-)
You are in touch with the powers of death.
You do not drink.
You have a special connection with the divine. (Faith)


Message History

The jackal barely misses you.
Your magical contamination has completely faded away.
You barely miss the jackal.
The jackal is heavily wounded.
The jackal bites you but does no damage.
You closely miss the jackal.
The jackal is heavily wounded.
The jackal bites you.
The jackal splashes around in the water.
You closely miss the jackal.
The jackal is heavily wounded.
The jackal bites you.
You barely miss the jackal.
The jackal is heavily wounded.
The jackal completely misses you. The rat closely misses you.
The jackal splashes around in the water.
You hit the jackal but do no damage.
The jackal is heavily wounded.
The jackal closely misses you. The rat closely misses you.
You barely miss the jackal.
The jackal is heavily wounded.
The jackal closely misses you. The rat bites you.
You closely miss the jackal.
The jackal is heavily wounded.
The jackal misses you. The rat bites you.
* * * LOW HITPOINT WARNING * * *
The jackal closely misses you.
You hit the jackal.
The jackal is severely wounded.
The jackal splashes around in the water.
The rat bites you.
* * * LOW HITPOINT WARNING * * *
You barely miss the jackal.
The jackal is severely wounded.
The jackal splashes around in the water.
The rat bites you but does no damage. The jackal closely misses you.
You closely miss the jackal.
The jackal is severely wounded.
The jackal barely misses you. The rat bites you.
You die...

#.~...~.# #
###.~...~.##.#
##.......~.....
###..~~~~~.~.~.####
##...~....<.~..~...#.
#...~~....~......~~..#
#..~)......~~~~....~..
+....~~~~~......h~~~...
#..............@r......
#.....################.
##.... #.... ..


You could see a jackal and a rat.

Vanquished Creatures
  2 jackals (D:1)
2 creatures vanquished.

Notes
Turn   | Place    | Note
-------+----------+-------------------------------------------
     0 | D:1      | NotreDorf the Mummy Hedge Wizard began the quest for the
                  | Orb.
     0 | D:1      | Reached XP level 1. HP: 13/13 MP: 5/5
    27 | D:1      | Reached skill level 1 in Summonings
    38 | D:1      | Slain by a rat

Illustrated notes

Levels and vault maps discovered:
D:1:      ebering_trefoil_3fold, layout_basic,
          dreamdust_ecumenical_altar_statues

Skill      XL: |  1 |
---------------+----+-----
Summonings     | 1 |  1.0
Dodging        | |  1.5
Stealth        | |  1.5
Spellcasting   | |  4.1
Conjurations   | |  0.7
Translocations | |  0.7

Action                     || total
---------------------------++-------
  Melee: Dagger            ||    21
   Cast: Magic Dart        ||     2
 Armour: Robe              ||    12
  Dodge: Dodged            ||    24
